 Dungeon Crawl Stone Soup version 0.25.1-11-g244df3a29b (webtiles) character file.

Game seed: 15123191562870945171

219 tkbsonic5 the Sneak (level 5, -5/32 HPs)
             Began as a Vampire Warper on Dec 2, 2022.
             Was an Initiate of Nemelex Xobeh.
             Killed by divine providence
             ... invoked by an orc priest
              (11 damage)
             ... on level 2 of the Dungeon.
             The game lasted 00:11:33 (2422 turns).

tkbsonic5 the Sneak (Vampire Warper)                Turns: 2422, Time: 00:11:35

Health: -5/32      AC:  0    Str:  9 (11) XL:     5   Next: 64%
Magic:  7/9        EV: 20    Int: 14 (16) God:    Nemelex Xobeh [......]
Gold:   138        SH:  0    Dex: 16 (18) Spells: 2/9 levels left

rFire    . . .     SeeInvis +   (weapon currently unavailable)
rCold    + + .     Gourm    .   (shield currently unavailable)
rNeg     + + +     Faith    .   (armour currently unavailable)
rPois    ∞         Spirit   .   (helmet currently unavailable)
rElec    .         Reflect  .   (cloak currently unavailable)
rCorr    .         Harm     .   (gloves currently unavailable)
MR       .....                  (boots currently unavailable)
Stlth    +++++.....             (no amulet)
HPRegen  0.00/turn              (ring currently unavailable)
MPRegen  0.11/turn              (ring currently unavailable)

@: bat-form, flying, bloodless, very quick
A: tiny, no food, fangs 3, see invisible
a: Revivify, End Transformation, Draw Escape, Draw Destruction, Draw Summoning,
Renounce Religion


You were on level 2 of the Dungeon.
You worshipped Nemelex Xobeh.
Nemelex Xobeh was noncommittal.
You were bloodless.
You were in vampire-bat-form.
You visited 1 branch of the dungeon, and saw 3 of its levels.

You collected 138 gold pieces.

Inventory:

Hand Weapons
 a - a +0 short sword
 c - a +4 hunting sling
 k - a +2 dagger of flaming (melded)
Armour
 b - a +0 leather armour
 d - a +0 cloak (melded)
 h - a +0 scale mail
 i - a +2 robe of positive energy (melded)
Jewellery
 f - a +6 ring of dexterity {unknown}
 n - an uncursed amulet of magic regeneration
Scrolls
 e - 4 scrolls of teleportation
 g - a scroll of remove curse
 j - a scroll of blinking
Potions
 o - a potion of cancellation {unknown}


   Skills:
 * Level 2.8 Fighting
 + Level 3.0 Short Blades
 * Level 1.1 Throwing
 - Level 0.7 Armour
 * Level 2.8 Dodging
 * Level 3.6 Stealth
 * Level 2.9 Spellcasting
 * Level 1.2 Charms
 * Level 2.7 Translocations
 * Level 0.3 Invocations


You had 2 spell levels left.
You knew the following spells:

 Your Spells              Type           Power        Failure   Level  Hunger
a - Blink                 Tloc           N/A          11%         2    N/A
b - Shroud of Golubria    Chrm/Tloc      #.....       14%         2    N/A
c - Teleport Other        Tloc           #.......     21%         3    N/A

Your spell library contained the following spells:

 Spells                   Type           Power        Failure   Level  Hunger
 Gell's Gravitas          Tloc           #.........   21%         3    N/A
 Lesser Beckoning         Tloc           #.........   21%         3    N/A
 Passage of Golubria      Tloc           N/A          56%         4    N/A

Dungeon Overview and Level Annotations

Branches:
Dungeon (3/15)

Altars:
Nemelex Xobeh
Xom


Innate Abilities, Weirdness & Mutations

You do not eat.
You do not regenerate when monsters are visible.
You are frail without blood (-20% HP).
You can heal yourself when you bite living creatures.
You are immune to poison.
You have razor-sharp teeth.
You have supernaturally acute eyesight. (SInv)
((You can survive without breathing.))


Message History

The ball python grabs you. The ball python constricts you.
The orc wizard barely misses you.
You turn into a vampire bat.
Your +2 dagger of flaming melds into your body.
Your +0 cloak melds into your body.
Your +2 robe of positive energy melds into your body.
Your +2 dagger of flaming stops flaming.
You feel less protected from negative energy.
You feel weakened.
You feel dopey.
You feel clumsy.
The orc priest hits you with a +0 flail.
The ball python closely misses you. The ball python constricts you.
The orc wizard misses you.
You hit the ball python. You bite the ball python.
You kill the ball python!
The orc wizard hits you with a +0 dagger.
* * * LOW HITPOINT WARNING * * *
The orc priest calls down the wrath of Beogh upon you.
Beogh smites you!
You die...
Your body disappears without a glow.

####### #####.########
......########## #.....#
.#.............####.#####
.#......#...........#
.#......#..(.((######
.#......#...)...#
.#......#.......#
.#......#......o##
.#..)...#......)b#
.#.†....#.....#o##
.#......#...##..#
##......#...##.##
########...#..# #...#.##
#####.# #.# #.#


You could see an orc priest and an orc wizard (fast).

Vanquished Creatures
  Natasha (thrice) (D:2)
  5 adders (D:2)
  A gnoll (D:1)
  3 oozes
  2 dart slugs (D:1)
  2 leopard geckos
  4 orcs
  5 bats
  2 giant cockroaches (D:1)
  8 hobgoblins
  4 jackals (D:1)
  14 kobolds
  A quokka (D:2)
  2 ball pythons
  4 frilled lizards
  5 goblins
  5 rats
70 creatures vanquished.

Notes
Turn   | Place    | Note
-------+----------+-------------------------------------------
     0 | D:1      | tkbsonic5 the Vampire Warper began the quest for the Orb.
     0 | D:1      | Reached XP level 1. HP: 16/16 MP: 3/3
    76 | D:1      | Reached skill level 1 in Stealth
    79 | D:1      | Reached XP level 2. HP: 13/22 MP: 5/5
   300 | D:1      | Reached XP level 3. HP: 27/27 MP: 6/6
   386 | D:1      | Learned a level 2 spell: Blink
   389 | D:1      | Learned a level 2 spell: Shroud of Golubria
  1274 | D:2      | Reached XP level 4. HP: 34/34 MP: 7/7
  1283 | D:2      | Learned a level 3 spell: Teleport Other
  1349 | D:2      | Noticed Natasha
  1376 | D:2      | Killed Natasha
  1520 | D:2      | Found a shimmering altar of Xom.
  1614 | D:2      | Noticed Natasha
  1623 | D:2      | Killed Natasha
  1623 | D:2      | Reached skill level 1 in Charms
  1632 | D:2      | Reached XP level 5. HP: 29/39 MP: 7/9
  1667 | D:2      | Found a sparkling altar of Nemelex Xobeh.
  1668 | D:2      | Noticed Natasha
  1684 | D:2      | Killed Natasha
  1684 | D:2      | Reached skill level 1 in Throwing
  1695 | D:2      | Became a worshipper of Nemelex Xobeh the Trickster
  2312 | D:3      | Received a gift from Nemelex Xobeh
  2422 | D:2      | Killed from afar by an orc priest

Illustrated notes

Levels and vault maps discovered:
D:1:      saegor_arrival_under_anarchy, layout_basic, patterned_corridor
D:2:      kb_forest_paths, layout_basic, lemuel_crystal_altar,
          brannock_xom_greatest_gift, uniq_natasha
D:3:      layout_basic, lemuel_doored_altar, makhleb_altar_promises_db

Skill      XL: |  1  2  3  4  5 |
---------------+----------------+-----
Stealth        | 1 2 3 |  3.6
Fighting       | 2 |  2.8
Charms         | 1 |  1.2
Short Blades   | 3 |  3.0
Throwing       | 1 |  1.1
Armour         | |  0.7
Dodging        | |  2.8
Spellcasting   | |  2.9
Translocations | |  2.7
Invocations    | |  0.3

Action                   |  1- 3 |  4- 6 || total
-------------------------+-------+-------++-------
Melee: Short sword       |   122 |       ||   122
       Bite              |     9 |     5 ||    14
       Dagger            |    10 |    96 ||   106
       Unarmed           |       |     1 ||     1
Throw: Boomerang         |     5 |       ||     5
       Javelin           |       |    13 ||    13
       Throwing net      |       |     2 ||     2
 Cast: Shroud of Golubri |     6 |     1 ||     7
 Abil: Bat Form          |       |     1 ||     1
       Exsanguinate      |       |     1 ||     1
  Use: Scroll            |     6 |     2 ||     8
       Potion            |     2 |     3 ||     5
 Stab: Sleeping          |     2 |     2 ||     4
Armor: Leather armour    |    33 |    17 ||    50
       Skin              |     9 |       ||     9
       Robe              |       |     8 ||     8
Dodge: Dodged            |    71 |    81 ||   152
